AoeStats
← Bandolero

Four Lakes

508241184Analyzed
1v1 RM · 10d ago on Sep 21, 2026· 36m 43s· 2 players
Game mode
Random Map
Map size
Tiny (2 player)
Population
200
Speed
Normal
Resources
Standard
Victory
Conquest
Starting age
Dark Age
Ending age
Imperial Age
RankedLock teamsTeams togetherTeam positionsShared explorationLock speedFull tech treeHidden civsTurbo modeCheats
Victory
Defeat
🇩🇪 Wu · Germany
1408
+15
🇦🇷 Italians · Argentina
1392
-15
Bandolero
11:53 Feudal Age
13:04 Loom
15:51 Castle Age
13:38 Double-Bit Axe
14:08 Stone Mining
15:27 Fishing Lines
18:41 Stone Shaft Mining
18:37 Bow Saw
18:52 Gold Mining
19:29 Fletching
25:26 Wheelbarrow
25:20 Bodkin Arrow
25:24 Elite Skirmisher
26:06 Padded Archer Armor
27:10 Leather Archer Armor
27:19 Town Watch
28:19 Ballistics
35:07 Imperial Age
34:24 Bloodlines
34:15 Husbandry
34:38 Scale Barding Armor
35:56 Chain Barding Armor
35:46 Forging
35:24 Cavalier
36:36 Conscription
Frankenbeutel
4:37 Loom
6:22 Loom
10:36 Feudal Age
11:11 Double-Bit Axe
16:51 Castle Age
15:11 Stone Mining
15:12 Fletching
16:15 Padded Archer Armor
16:31 Horse Collar
18:20 Fishing Lines
18:54 Bow Saw
19:20 Wheelbarrow
21:14 Gold Mining
23:22 Bodkin Arrow
23:49 Red Cliffs Tactics
24:25 Ballistics
25:39 Leather Archer Armor
27:59 Stone Shaft Mining
31:23 Imperial Age
32:18 Bracer
31:43 Elite Fire Archer
33:09 Scale Barding Armor
33:14 Forging
35:06 Chemistry
35:57 Light Cavalry
36:38 Husbandry
36:49 Bloodlines
Connection lost

Rejoining the realm…

Still unreachable

The connection could not be restored.

Session expired

The server has moved on; the page needs a fresh start.